 Dungeon Crawl Stone Soup version 0.27.1-34-g3ba077fa99 (webtiles) character file.

Game seed: 10456134179905317789

46 lonewolfV2 the Magician (level 3, -4/25 HPs)
             Began as a Djinni Conjurer on Jan 6, 2022.
             Slain by a gnoll (5 damage)
             ... on level 2 of the Dungeon.
             The game lasted 00:02:38 (962 turns).

lonewolfV2 the Magician (Djinni Conjurer)            Turns: 962, Time: 00:02:38

Health: -4/25      AC:  2    Str:  6    XL:     3   Next: 95%
Gold:   33         EV: 12    Int: 20    God:
                   SH:  0    Dex: 11

rFire    + + .     SeeInvis .   (no weapon)
rCold    x . .     Faith    .   (no shield)
rNeg     . . .     Spirit   .   a - +0 robe
rPois    ∞         Reflect  .   (no helmet)
rElec    .         Harm     .   (no cloak)
rCorr    .         Rampage  .   (no gloves)
Will     .....                  (boots unavailable)
Stlth    ++........             (no amulet)
HPRegen  0.08/turn              (no ring)
MPRegen  0.00/turn              (no ring)

@: mighty, flying
A: sickness immunity, fire resistance 2, cold vulnerability 1, float, innate
caster, hp casting, extra vitality 1
a: no special abilities


You were on level 2 of the Dungeon.
You visited 1 branch of the dungeon, and saw 2 of its levels.

You collected 33 gold pieces.

Inventory:

Armour
 a - a +0 robe (worn)
Scrolls
 b - a scroll of identify {unknown}
 c - a scroll of noise {unknown}


   Skills:
 + Level 2.4 Dodging
 + Level 2.0 Stealth
 + Level 4.0 Spellcasting


You couldn't memorise any spells.
You knew the following spells:

 Your Spells              Type           Power      Damage    Failure   Level
a - Magic Dart            Conj           80%        1d7       2%          1
b - Searing Ray           Conj           40%        3d4       3%          2
c - Dazzling Flash        Conj/Hex       40%        N/A       8%          3
d - Fulminant Prism       Conj/Hex       10%        3d9       24%         4
e - Iskenderun's Mystic   Conj/Tloc      20%        2d6       24%         4
f - Animate Skeleton      Necr           40%        N/A       2%          1
Your spell library was empty.

Dungeon Overview and Level Annotations

Branches:
Dungeon (2/15)

Altars:


Innate Abilities, Weirdness & Mutations

You are immune to sickness and miasma.
You are immune to poison.
Your flesh is very heat resistant. (rF++)
You are vulnerable to cold. (rC-)
You float through the air rather than walking.
You learn spells naturally, not from books.
Your magical power is your life essence.
You have superior vitality. (+4 HP)


Message History

You see here a rat corpse.
The rat twitches its whiskers.
The gnoll hits you from afar with a +0 spear.
The adder closely misses you.
Casting: Magic Dart (safe; 2% risk of failure)
Confirm with . or Enter, or press ? or * to list all spells.
Aiming: Magic Dart (safe; 2% risk of failure)
Press: ? - help, Shift-Dir - straight line, f/p - gnoll
Aim: a gnoll, wielding a +0 spear (lightly wounded, 100% to hit)
The magic dart hits the adder.
The adder is severely wounded.
The adder bites you but does no damage. The gnoll barely misses you.
Casting: Magic Dart (safe; 2% risk of failure)
Confirm with . or Enter, or press ? or * to list all spells.
Aiming: Magic Dart (safe; 2% risk of failure)
Press: ? - help, Shift-Dir - straight line, f/p - gnoll
Aim: a gnoll, wielding a +0 spear (lightly wounded, 100% to hit)
The magic dart hits the adder.
You kill the adder!
The gnoll barely misses you.
Your magical contamination has completely faded away.
Your Stealth skill increases to level 2!
Casting: Magic Dart (safe; 2% risk of failure)
Confirm with . or Enter, or press ? or * to list all spells.
Aiming: Searing Ray (safe; 3% risk of failure)
Press: ? - help, Shift-Dir - straight line, f/p - gnoll
Aim: a gnoll, wielding a +0 spear (81% to hit)
The searing ray hits the rat.
You kill the rat!
The searing ray hits the gnoll.
The gnoll is moderately wounded. (Press . to maintain the ray.)
The gnoll hits you from afar with a +0 spear.
* * * LOW HITPOINT WARNING * * *
The gnoll hits you from afar with a +0 spear.
* * * LOW HITPOINT WARNING * * *
It was a potion of might.
You feel very mighty all of a sudden.
The gnoll hits you from afar with a +0 spear.
You die...

#........ #≈#...##.#
#.##....) #≈#.#..#.#
##.......# ##≈#.†..#.#
.....<...# ###.≈.....#.#
.........###...≈...#...###
.............#.≈..........
........gg########........
....#..##†#####.##........
. ..... #@...##.##.......>
....... ##.#.##.##........
.[..... ###.##.##........
....... #......#........
....... ###..###.####≈##
....... #......#.# #.≈≈#
##.##.##.###≈.≈≈
#....†.#..##≈.#≈
#.####.##.≈≈≈##≈


You could see 2 gnolls.

Vanquished Creatures
  A gnoll (D:2)
  An adder (D:2)
  A dart slug (D:1)
  4 ball pythons
  3 endoplasms (D:1)
  2 giant cockroaches (D:2)
  A goblin (D:1)
  3 hobgoblins
  A quokka (D:2)
  A bat (D:1)
  A frilled lizard (D:1)
  3 kobolds (D:1)
  3 rats
25 creatures vanquished.

Notes
Turn   | Place    | Note
-------+----------+-------------------------------------------
     0 | D:1      | lonewolfV2 the Djinni Conjurer began the quest for the Orb.
     0 | D:1      | Reached XP level 1. HP: 15/15 MP: 0/0
   147 | D:1      | Reached XP level 2. HP: 10/21 MP: 0/0
   789 | D:1      | You are sucked into a shaft and drop 1 floor!
   796 | D:2      | Reached XP level 3. HP: 23/25 MP: 0/0
   796 | D:2      | Learned a level 1 spell: Animate Skeleton
   951 | D:2      | Reached skill level 4 in Spellcasting
   961 | D:2      | HP: 1/25 [gnoll (3)]
   962 | D:2      | Slain by a gnoll

Illustrated notes

Levels and vault maps discovered:
D:1:      amcnicky_arrival_choice, layout_basic
D:2:      layout_rooms, serial_rivers, chequers_serial_rivers_micro_c,
          chequers_serial_rivers_large_b, chequers_serial_rivers_micro_b,
          chequers_serial_rivers_micro_a, chequers_serial_rivers_small_b,
          chequers_serial_rivers_micro_c, serial_shops, nicolae_shop_crystal,
          chequers_ecumenical_altar_simple, minmay_misc_feat_alley,
          minmay_cut_off, uniq_robin, uniq_natasha

Skill      XL: |  1  2  3 |
---------------+----------+-----
Spellcasting   | 4 |  4.0
Stealth        | 2 |  2.0
Dodging        | |  2.4

Action                   || total
-------------------------++-------
 Cast: Magic Dart        ||    51
       Searing Ray       ||     1
  Use: Potion            ||     1
Armor: Robe              ||     1
Dodge: Dodged            ||     8
